 Dungeon Crawl Stone Soup version 0.28.0 (webtiles) character file.

Game seed: 14304425003611939212

794 BeingJoeMalik the Spear-Bearer (level 7, -1/62 HPs)
             Began as a Naga Fighter on Feb 13, 2022.
             Was an Initiate of Hepliaklqana.
             Slain by a slime creature (18 damage)
             ... on level 5 of the Dungeon.
             The game lasted 00:12:14 (6006 turns).

BeingJoeMalik the Spear-Bearer (Naga Fighter)       Turns: 6006, Time: 00:12:14

Health: -1/62      AC:  5    Str: 18    XL:     7   Next: 89%
Magic:  7/7        EV:  7    Int:  8    God:    Hepliaklqana [......]
Gold:   254        SH:  5    Dex: 13    Spells: 6/6 levels left

rFire   . . .      SeeInvis +   a - +0 trident
rCold   + . .      Faith    .   c - +1 buckler
rNeg    . . .      Spirit   .   b - +0 scale mail
rPois   +          Reflect  .   (no helmet)
rElec   .          Harm     .   (no cloak)
rCorr   .          Rampage  .   (no gloves)
Will    .....                   (no barding)
Stlth   +.........              (no amulet)
HPRegen 0.20/turn               l - ring of protection from cold
MPRegen 0.10/turn               (no ring)

@: mighty, invisible, very slow
A: AC +2, large, see invisible, deformed body, poison resistance, slowness 2,
spit poison 1, naga tail 1
a: Spit Poison, Renounce Religion


You were on level 5 of the Dungeon.
You worshipped Hepliaklqana.
Hepliaklqana was noncommittal.
You visited 2 branches of the dungeon, and saw 6 of its levels.

You collected 254 gold pieces.

Inventory:

Hand Weapons
 a - a +0 trident (weapon)
Missiles
 j - 6 javelins (quivered)
 q - a curare-tipped dart
 r - 8 poisoned darts
Armour
 b - a +0 scale mail (worn)
 c - a +1 buckler (worn)
Jewellery
 l - a ring of protection from cold (left hand)
Scrolls
 h - a scroll of teleportation
 i - a scroll of summoning {unknown}
 n - a scroll of fear
Potions
 e - a potion of ambrosia
 f - 2 potions of brilliance
 g - a potion of invisibility
 k - 5 potions of curing
 m - a potion of flight
 o - a potion of lignification {unknown}
 p - a potion of heal wounds {unknown}
 s - a potion of cancellation {unknown}


   Skills:
 + Level 3.3 Fighting
 + Level 8.2 Polearms
 - Level 2.4 Armour
 + Level 2.4 Stealth
 - Level 3.0 Shields


You had 6 spell levels left.
You didn't know any spells.
Your spell library contained the following spells:

 Spells                   Type           Power      Damage    Failure   Level
 Sting                    Tmut/Pois      0%         1d3       86%         1
 Poisonous Vapours        Pois/Air       0%         N/A       95%         2
 Dazzling Flash           Conj/Hex       0%         N/A       99%         3
 Olgreb's Toxic Radiance  Pois           0%         N/A       100%        4
 Agony                    Necr           0%         N/A       100%        5
 Silence                  Hex/Air        0%         N/A       100%        5


Dungeon Overview and Level Annotations

Branches:
Dungeon (5/15)             Temple (1/1) D:4

Altars:
Ashenzari
Cheibriados
Dithmenos
Elyvilon
Fedhas
Gozag
Hepliaklqana
Kikubaaqudgha
Makhleb
Nemelex Xobeh
Okawaru
Qazlal
Ru
Sif Muna
Trog
Uskayaw
Vehumet
Wu Jian
Xom
Yredelemnul
Zin
The Shining One


Innate Abilities, Weirdness & Mutations

Your serpentine skin is tough. (AC +2)
You have supernaturally acute eyesight. (SInv)
Armour fits poorly on your strangely shaped body.
Your system is resistant to poisons. (rPois)
You cover ground very slowly.
You can spit poison.
You have a snake-like lower body.


Message History

The slime creature is lightly wounded.
You block the slime creature's attack.
Unknown command.
You puncture the slime creature!
The slime creature is lightly wounded.
Okay, then.
Okay, then.
Unknown command.
You puncture the slime creature!
The slime creature is moderately wounded.
The slime creature hits you but does no damage.
You hit the slime creature.
The slime creature is moderately wounded.
You block the slime creature's attack.
You hit the slime creature.
The slime creature is moderately wounded.
You block the slime creature's attack.
Things that are here:
a +0 dagger; a stone; a kobold corpse You have got your breath back.
The slime creature hits you but does no damage.
Two slime creatures merge to form a large slime creature.
The large slime creature closely misses you.
There is an open door here.
You hit the large slime creature but do no damage.
The large slime creature is lightly wounded.
A large slime creature splits.
You hit the slime creature.
The slime creature is lightly wounded.
The slime creature hits you!!
You hit the slime creature but do no damage.
The slime creature is lightly wounded.
The slime creature hits you but does no damage. x2
You feel very mighty all of a sudden. The slime creature hits you! x2
* * * LOW HITPOINT WARNING * * *
It was a potion of invisibility.
You fade into invisibility!
The slime creature hits you!!
You die...

#.#
#####)#.......#####
#.# ##...)<#.......#
#.# #..#############
#.# #### ####### #)#
##########÷.....#
#)####......##'.P..P÷#
#..##.......#.#......#
#..'........#J#JP....#
#..'.[....@J#.#J..J.÷#
#..'......#J#J#PP.P÷.#
#..##.....#J#.#J..J..#
#>.###....#J#.#P.JPJP#
##.# #######.##÷....=#
#.. ### ##.


You could see 2 slime creatures and 2 jellies.

Vanquished Creatures
  An ice beast (D:5)
  A phantom (D:4)
  A kobold brigand (D:5)
  A water moccasin skeleton (D:4)
  2 jellies
  2 orc priests
  2 iguanas
  3 orc wizards
  4 gnolls (D:3)
  9 adders
  An ufetubus (D:5)
  3 adder skeletons (D:4)
  2 worms
  4 dart slugs
  22 orcs
  7 endoplasms
  6 giant cockroaches
  5 goblins
  7 hobgoblins
  A quokka (D:1)
  3 ball pythons
  6 bats
  3 frilled lizards
  12 kobolds
  3 quokka skeletons (D:4)
  3 rats
114 creatures vanquished.

Vanquished Creatures (others)
  6 fungi (D:5)
  6 toadstools (D:5)
12 creatures vanquished.

Grand Total: 126 creatures vanquished

Notes
Turn   | Place    | Note
-------+----------+-------------------------------------------
     0 | D:1      | BeingJoeMalik the Naga Fighter began the quest for the Orb.
     0 | D:1      | Reached XP level 1. HP: 21/21 MP: 1/1
   208 | D:1      | Reached XP level 2. HP: 28/28 MP: 2/2
   862 | D:2      | Reached XP level 3. HP: 34/34 MP: 3/3
  1040 | D:2      | Reached skill level 3 in Polearms
  1254 | D:2      | Reached skill level 1 in Stealth
  1486 | D:2      | Reached XP level 4. HP: 27/42 MP: 4/4
  1991 | D:3      | Found a faded altar of an unknown god.
  2014 | D:3      | Reached skill level 4 in Polearms
  2086 | D:3      | Reached XP level 5. HP: 49/49 MP: 5/5
  2168 | D:3      | Found an ornate altar of the Wu Jian Council.
  2241 | D:3      | Reached skill level 5 in Polearms
  2747 | D:3      | Reached XP level 6. HP: 56/56 MP: 6/6
  2877 | D:4      | Found a staircase to the Ecumenical Temple.
  2886 | Temple   | Entered the Ecumenical Temple
  3478 | Temple   | Became a worshipper of Hepliaklqana the Forgotten
  3794 | D:4      | Reached skill level 6 in Polearms
  4865 | D:4      | Reached XP level 7. HP: 57/62 MP: 7/7
  5197 | D:5      | Entered Level 5 of the Dungeon
  5250 | D:5      | Reached skill level 7 in Polearms
  5855 | D:5      | Reached skill level 8 in Polearms
  5982 | D:5      | Noticed a slime creature
  5982 | D:5      | Noticed a slime creature
  6006 | D:5      | Slain by a slime creature

Illustrated notes

Levels and vault maps discovered:
D:1:      minmay_arrival_cross, layout_basic, st_stairs_3,
          minmay_misc_feat_tower, minmay_crystal_room
D:2:      layout_loops_ring, minmay_liquid_box
D:3:      layout_rooms, mainiacjoe_overflow_small_starburst,
          chequers_ecumenical_altar_simple_redux, nrook_loot_triangle
D:4:      wad_crossroads, layout_loops_ring, minmay_temple_entry_offerings
D:5:      cheibrodos_fertilizer, layout_rooms, grunt_tough_drop
Temple:   mainiacjoe_temple_starburst

Skill      XL: |  1  2  3  4  5  6  7 |
---------------+----------------------+-----
Shields        | 3 |  3.0
Polearms       | 3 4 5 6 8 |  8.2
Stealth        | 1 2 |  2.4
Fighting       | |  3.3
Armour         | |  2.4

Action                   |  1- 3 |  4- 6 |  7- 9 || total
-------------------------+-------+-------+-------++-------
Melee: Trident           |   105 |   170 |   136 ||   411
Throw: Javelin           |       |     2 |     2 ||     4
 Abil: Spit Poison       |     8 |    26 |    21 ||    55
  Use: Scroll            |       |     8 |     1 ||     9
       Potion            |       |       |     2 ||     2
Armor: Scale mail        |    42 |    36 |    34 ||   112
Dodge: Dodged            |    27 |    38 |    41 ||   106
Block: Buckler           |    14 |    37 |    33 ||    84
